[Event "AI Cup Div-3 2023"]
[Site "Online"]
[Date "2023.09.25"]
[Round "1.1"]
[White "Le, Tuan Minh"]
[Black "Muradli, Mahammad"]
[Result "0-1"]
[Annotator "ChessBase"]
[ECO "D02"]
[WhiteElo "2559"]
[BlackElo "2550"]
[PlyCount "70"]
[EventDate "2023.09.18"]
[EventType "k.o."]
[EventCountry "NET"]
[SourceTitle "playchess.com"]
[Source "ChessBase"]
[SourceQuality "1"]
[TimeControl "900+3"]

1. d4 Nf6 2. Nf3 c5 3. c3 d5 4. Bf4 Nc6 5. e3 Qb6 6. Qc2 Bg4 7. Nbd2 e6 8. Bd3 Rc8 9. Qb1 Be7 10. O-O O-O 11. Ne5 Bh5 12. Bg5 Qd8 13. f4 Bg6 14. Bxg6 hxg6 15. Bxf6 Bxf6 16. Rf3 Bxe5 17. fxe5 f5 18. exf6 Rxf6 19. Qe1 Qb6 20. Rb1 cxd4 21. exd4 e5 22. Kh1 e4 23. Rh3 Rcf8 24. Qh4 Qa6 25. Qh7+ Kf7 26. c4 Qxa2 27. g4 Qa5 28. Rd1 Nxd4 29. Ra3 Qb6 30. cxd5 Qxb2 31. Rxa7 e3 32. Nc4 Qb3 33. Ne5+ Ke7 34. Qxg7+ R8f7 35. Nxg6+ Kd6 0-1

[Event "AI Cup Div-3 2023"]
[Site "Online"]
[Date "2023.09.25"]
[Round "1.1"]
[White "Makarian, Rudik"]
[Black "Mamedov, Rauf"]
[Result "1/2-1/2"]
[Annotator "ChessBase"]
[ECO "D11"]
[WhiteElo "2548"]
[BlackElo "2640"]
[PlyCount "51"]
[EventDate "2023.09.18"]
[EventType "k.o."]
[EventCountry "NET"]
[SourceTitle "playchess.com"]
[Source "ChessBase"]
[SourceQuality "1"]
[TimeControl "900+3"]

1. d4 Nf6 2. c4 c6 3. Nf3 d5 4. Nc3 dxc4 5. g3 Bf5 6. Ne5 Nbd7 7. Nxc4 e6 8. Bg2 Be7 9. O-O O-O 10. e4 Bg6 11. Qe2 Nb6 12. Rd1 Nxc4 13. Qxc4 Qa5 14. a3 b5 15. Qxc6 b4 16. e5 bxc3 17. exf6 cxb2 18. Bxb2 Bxf6 19. Bc3 Qf5 20. Qxa8 Rxa8 21. Bxa8 h5 22. Rac1 Qg4 23. Bg2 Be4 24. h3 Qf5 25. Bxe4 Qxe4 26. d5 1/2-1/2

[Event "AI Cup Div-3 2023"]
[Site "Online"]
[Date "2023.09.25"]
[Round "1.1"]
[White "Beerdsen, Thomas"]
[Black "Alekseev, Evgeny"]
[Result "0-1"]
[Annotator "ChessBase"]
[ECO "C51"]
[WhiteElo "2511"]
[BlackElo "2573"]
[PlyCount "108"]
[EventDate "2023.09.18"]
[EventType "k.o."]
[EventCountry "NET"]
[SourceTitle "playchess.com"]
[Source "ChessBase"]
[SourceQuality "1"]
[TimeControl "900+3"]

1. e4 e5 2. Nf3 Nc6 3. Bc4 Bc5 4. b4 Bxb4 5. c3 Be7 6. d4 Na5 7. Bd3 d6 8. dxe5 dxe5 9. Nxe5 Nf6 10. O-O O-O 11. Qc2 Nd7 12. Nxd7 Bxd7 13. e5 g6 14. Bh6 Re8 15. Nd2 Bc6 16. f4 Qd5 17. Ne4 Nc4 18. Rae1 Nb2 19. Qxb2 Qxd3 20. Rf3 Qc4 21. Qc2 Rad8 22. h3 f5 23. Nd2 Rxd2 24. Qxd2 Bxf3 25. gxf3 Rd8 26. Qb2 b6 27. Qb3 Qxb3 28. axb3 Kf7 29. e6+ Ke8 30. Bg7 Rd3 31. Ra1 a5 32. b4 axb4 33. cxb4 Bxb4 34. Ra8+ Rd8 35. Ra7 Ke7 36. Rxc7+ Kxe6 37. Be5 Rd7 38. Rc8 Kd5 39. Kf2 Bc5+ 40. Kg3 b5 41. h4 b4 42. h5 Bd4 43. Rb8 Kc4 44. hxg6 hxg6 45. Kh4 Rd5 46. Kg5 Bxe5 47. fxe5 Rxe5 48. Kxg6 b3 49. f4 Rb5 50. Rc8+ Kb4 51. Rc1 b2 52. Rh1 Kb3 53. Rh3+ Ka2 54. Rh2 Ka1 0-1

[Event "AI Cup Div-3 2023"]
[Site "Online"]
[Date "2023.09.25"]
[Round "1.2"]
[White "Robson, Ray"]
[Black "Kravtsiv, Martyn"]
[Result "1-0"]
[Annotator "TA"]
[ECO "D35"]
[WhiteElo "2699"]
[BlackElo "2598"]
[PlyCount "113"]
[EventDate "2023.09.18"]
[EventType "k.o."]
[EventCountry "NET"]
[SourceTitle "playchess.com"]
[Source "ChessBase"]
[SourceQuality "1"]
[TimeControl "900+3"]

1. c4 e6 2. Nc3 d5 3. d4 Nf6 4. cxd5 exd5 5. Bg5 c6 6. e3 Be7 7. Bd3 Nbd7 8. Nf3 O-O 9. O-O Ne4 {[%emt 0:00:42][%mdl 64] [#] Discovered Attack} 10. Bf4 {[%emt 0:00:09] D35: Queen's Gambit Declined: Exchange Variation.} (10. Nxe4 $2 {loses.} dxe4 11. Bxe4 (11. Bxe7 $2 Qxe7 12. Re1 Nf6 $19) 11... Bxg5 $19) 10... Ndf6 11. h3 Bf5 {[%emt 0:00:58] [#]} 12. g4 $146 (12. Ne5 $142) ({Predecessor:} 12. Qc2 Re8 13. Be5 Bg6 14. Nh4 Nxc3 15. Nxg6 hxg6 16. bxc3 Bd6 17. f4 b5 18. a4 {1-0 Ibrahimli,M (2416)-Goryachkina,A (2579) Titled Tuesday intern op 13th Sep Early blitz 2022 (11)}) 12... Nxc3 $11 13. bxc3 Bxd3 14. Qxd3 Qc8 15. Kg2 b5 16. a4 a6 17. Bg5 Re8 18. Bxf6 Bxf6 19. Ra2 Rb8 20. axb5 cxb5 21. Rfa1 Rb6 22. Qf5 Qxf5 ({Black should try} 22... Qb7 $11) 23. gxf5 $14 Ra8 24. Ne1 Be7 25. Nd3 Bd6 26. Nb4 Bxb4 27. cxb4 {[%emt 0:00:00][%mdl 4096] Endgame KRR-KRR} g6 28. fxg6 hxg6 29. Rc1 Rd6 30. Rc7 Re8 31. Rac2 Ree6 32. Kg3 Kg7 33. h4 {[%emt 0:00:08] White is more active.} Rf6 34. R2c5 Kh6 {[%emt 0:00:34] [#]} (34... Rf5 $142) 35. Re7 $1 $16 Rf5 36. f4 Kg7 (36... Kh7 $142 37. Kg4 Kg7) 37. Re5 Rxe5 $2 (37... Kf6 38. Kf3 Kg7) 38. fxe5 $18 {[%emt 0:00:20] KR-KR} ({Less strong is} 38. dxe5 Rd7 $16) 38... Rd7 39. Rc6 Ra7 40. Rd6 Rc7 41. Rxd5 ({Not} 41. Rxa6 Rc4 42. Rd6 Rxb4 43. Rxd5 Rb3 $18) 41... Rc4 42. Rd6 Rxb4 43. Rxa6 Rb1 (43... Kf8 $142 44. Kf4 Ke7 45. Ra7+ Ke6) 44. Ra7 {[%emt 0:00:12] aiming for e6.} Kf8 45. Rb7 {[%emt 0:00:07] d5 would be deadly.} b4 46. Kf4 {[%emt 0:00:04] And now d5 would win.} b3 47. Ke4 {[%emt 0:00:04] Strongly threatening Kd5.} b2 $2 (47... Rh1 48. Rxb3 Rxh4+ 49. Kf3 Rh5 50. Rb8+ Ke7) 48. Kd5 {[%emt 0:00:08] Black must now prevent Kd6.} Kg8 49. Kd6 Kf8 50. d5 Kg8 51. e4 Kf8 52. Kd7 {[%emt 0:00:03] White threatens d6 and mate.} Kg7 53. d6 g5 {[%emt 0:00:06] White mates.} 54. hxg5 Kg6 55. Ke7 Re1 56. Rxb2 Rxe4 57. Rb5 {[%emt 0:00:05] Weighted Error Value: White=0.10 (very precise) /Black=0.23 (precise)} 1-0

[Event "AI Cup Div-3 2023"]
[Site "Online"]
[Date "2023.09.25"]
[Round "1.2"]
[White "Matlakov, Maxim"]
[Black "Xiong, Jeffery"]
[Result "1/2-1/2"]
[Annotator "TA"]
[ECO "A34"]
[WhiteElo "2674"]
[BlackElo "2693"]
[PlyCount "103"]
[EventDate "2023.09.18"]
[EventType "k.o."]
[EventCountry "NET"]
[SourceTitle "playchess.com"]
[Source "ChessBase"]
[SourceQuality "1"]
[TimeControl "900+3"]

1. c4 c5 2. Nf3 Nf6 3. Nc3 d5 4. cxd5 Nxd5 5. g3 Nc6 6. Bg2 Nc7 7. a3 g6 {[%emt 0:00:01] is cutting edge theory.} 8. h4 {[%emt 0:00:11] A34: Symmetrical English: 2 Nc3, lines with ...d5.} h5 9. d3 Bg7 {[%emt 0:00:06] [#]} 10. Be3 $146 ({Predecessor:} 10. Bd2 O-O 11. Rc1 Ne6 12. Na4 Qd6 13. Ng5 Nxg5 14. hxg5 Bg4 15. Bf4 Be5 16. Bxe5 Nxe5 17. Nxc5 {½-½ Matjushin,G (2459)-Oleksienko,M (2494) UKR-ch sf U20 2003 (9)}) 10... Nd4 11. Rc1 (11. Ne4 $5 ) 11... Bg4 12. Nh2 Be6 13. Bxd4 cxd4 14. Na4 (14. Ne4 $11) 14... Bd5 {[%emt 0:00:08] This pair of bishops is nice.} 15. O-O (15. Bxd5 $15 Qxd5 16. Nf3) 15... Bxg2 $17 16. Kxg2 Bh6 $1 17. Rc2 Ne6 18. Nf3 Qd5 {[%emt 0:00:01] Dodges Nc5} 19. b4 (19. e4 $11 dxe3 20. Nc3) 19... b6 $1 20. Nb2 {[%emt 0:00:15][%cal Ba4b2,Bb2c4,Bc4e5,Be5c6][%mdl 32] White is weak on the dark squares} O-O (20... b5 $1 $17 21. Qa1 O-O) 21. Nc4 $11 Rfc8 22. a4 Rc7 23. b5 Rac8 24. Ra2 Rc5 25. Qb1 Ng7 26. Nce5 Nf5 27. Nc6 a5 28. Rc2 Rxc2 29. Qxc2 f6 30. Qc4 Qxc4 31. dxc4 e5 32. Rb1 (32. c5 $1 $11 {keeps the balance.} bxc5 33. Rb1) 32... Bf8 $1 $17 33. Nd2 Ne7 $1 34. Nxe7+ Bxe7 {[%emt 0:00:00][%mdl 4096] Endgame KRB-KRN} 35. Rc1 Kf7 36. Nb3 (36. f4 $17 {might work better.}) 36... Ba3 $19 37. Rc2 Ke6 38. f4 Bc5 $2 ({Black should try} 38... Bb4 $19 {Strongly threatening ...Bc3.} 39. Kf3 Bc3) 39. Kf3 (39. fxe5 $1 $11 fxe5 40. Kf3) 39... Kf5 (39... Bb4 $17) 40. Nd2 (40. fxe5 $11 {remains equal.} fxe5 41. Nxc5 Rxc5 42. e4+ dxe3 43. Kxe3) 40... Bb4 ({Better is} 40... exf4 $1 {Hoping for ...Re8.} 41. gxf4 g5) 41. Ne4 $17 {[%emt 0:00:01][%cal Oc4c5] And now c5! would win.} Ke6 {[%emt 0:00:06] Prevents c5.} 42. fxe5 Kxe5 43. Rc1 (43. Nf2 $15) 43... f5 (43... Ke6 $1 $19 44. e3 d3) 44. Nf2 {[%emt 0:00:03] [#]} Kd6 $1 {[%emt 0:00:01] Threatens to win with ...Bc3.} 45. Nd3 Re8 (45... Bc3 $17 46. e3 Bd2) 46. Rc2 $11 Re3+ 47. Kf2 Bc5 48. Rc1 {[%emt 0:00:01] [#]} (48. Rb2 $15 {should be considered.}) 48... Re4 (48... Kc7 $1 $17 49. Rd1 Bd6) 49. Kf3 (49. Kf1 $15) 49... Re3+ 50. Kf2 Re4 51. Kf3 $1 Re3+ 52. Kf2 {[%emt 0:00:01] Weighted Error Value: White=0.25 (precise) /Black=0.29 (precise)} 1/2-1/2

[Event "AI Cup Div-3 2023"]
[Site "Online"]
[Date "2023.09.25"]
[Round "1.2"]
[White "Malakhov, Vladimir"]
[Black "Kovalev, Vladislav"]
[Result "0-1"]
[Annotator "ChessBase"]
[ECO "E17"]
[WhiteElo "2646"]
[BlackElo "2582"]
[PlyCount "96"]
[EventDate "2023.09.18"]
[EventType "k.o."]
[EventCountry "NET"]
[SourceTitle "playchess.com"]
[Source "ChessBase"]
[SourceQuality "1"]
[TimeControl "900+3"]

1. Nf3 d5 2. g3 Nf6 3. Bg2 b6 4. c4 e6 5. O-O Bb7 6. cxd5 Nxd5 7. Nc3 Be7 8. Nxd5 exd5 9. d4 Nd7 10. b3 O-O 11. Bb2 Re8 12. Rc1 Bd6 13. Qc2 c6 14. Rfe1 Qe7 15. Nh4 Nf6 16. Nf5 Qd7 17. Nxd6 Qxd6 18. f3 Re3 19. Rcd1 Rae8 20. Bc1 R3e7 21. e4 dxe4 22. fxe4 c5 23. dxc5 Qc7 24. c6 Qxc6 25. Qxc6 Bxc6 26. Bg5 Re5 27. Bf4 R5e6 28. e5 Bxg2 29. Kxg2 h6 30. h3 g5 31. Bc1 Rxe5 32. Rxe5 Rxe5 33. Kf3 Rf5+ 34. Ke3 Re5+ 35. Kf3 Rd5 36. Rxd5 Nxd5 37. Ke4 Nc3+ 38. Kd3 Nxa2 39. Bd2 f5 40. Kc4 Kf7 41. Kb5 Ke6 42. Ka6 Kd5 43. Kxa7 b5 44. Kb6 b4 45. Kb5 Kd4 46. Be1 f4 47. gxf4 gxf4 48. Bf2+ Kd3 0-1

[Event "AI Cup Div-3 2023"]
[Site "Online"]
[Date "2023.09.25"]
[Round "1.2"]
[White "Mamedov, Rauf"]
[Black "Makarian, Rudik"]
[Result "1-0"]
[Annotator "ChessBase"]
[ECO "C54"]
[WhiteElo "2640"]
[BlackElo "2548"]
[PlyCount "73"]
[EventDate "2023.09.18"]
[EventType "k.o."]
[EventCountry "NET"]
[SourceTitle "playchess.com"]
[Source "ChessBase"]
[SourceQuality "1"]
[TimeControl "900+3"]

1. e4 e5 2. Nf3 Nc6 3. Bc4 Bc5 4. c3 Nf6 5. d3 d6 6. Nbd2 O-O 7. O-O a5 8. Re1 Bb6 9. Nf1 Be6 10. Ng3 Bxc4 11. dxc4 Nd7 12. h3 Kh8 13. Rb1 Nc5 14. Be3 Nd7 15. Bd2 Nc5 16. Bg5 f6 17. Be3 Nd7 18. Bc1 Nc5 19. h4 Ne6 20. h5 Ne7 21. Nh4 Qd7 22. Qg4 Nc5 23. Qe2 Qe6 24. Ngf5 Rf7 25. b3 Nxf5 26. exf5 Qd7 27. Be3 Qc6 28. Rbd1 a4 29. b4 Ne4 30. c5 Nxc3 31. Qc4 Nxd1 32. Qxf7 Nc3 33. h6 Rg8 34. hxg7+ Rxg7 35. Qf8+ Rg8 36. Ng6+ hxg6 37. Qh6# 1-0

[Event "AI Cup Div-3 2023"]
[Site "Online"]
[Date "2023.09.25"]
[Round "1.2"]
[White "Yilmaz, Mustafa"]
[Black "Sevian, Samuel"]
[Result "0-1"]
[Annotator "TA"]
[ECO "D38"]
[WhiteElo "2640"]
[BlackElo "2698"]
[PlyCount "86"]
[EventDate "2023.09.18"]
[EventType "k.o."]
[EventCountry "NET"]
[SourceTitle "playchess.com"]
[Source "ChessBase"]
[SourceQuality "1"]
[TimeControl "900+3"]

1. d4 Nf6 2. c4 e6 3. Nf3 d5 4. Nc3 Bb4 5. Bg5 h6 6. Bxf6 Qxf6 7. a3 Bxc3+ 8. bxc3 O-O 9. e3 {[%emt 0:00:02] [#]} c5 $1 10. h4 {[%emt 0:01:00] [#] D38: Queen's Gambit Declined: Ragozin Defence (4 Nf3 Bb4).} ({Reject} 10. dxc5 Qxc3+ 11. Nd2 d4 12. exd4 (12. Rc1 $2 Qxa3 13. exd4 Nc6 $19) 12... Qxd4 $17) (10. Qc2 Nd7) 10... Qd8 $146 ({Predecessor:} 10... cxd4 11. cxd4 dxc4 12. g4 b5 13. g5 Qf5 14. Bh3 Qe4 15. gxh6 Bb7 16. Bg2 gxh6 17. Rg1 Kh8 {1-0 Indjic,A (2641)-Bluebaum,M (2663) Titled Tuesday intern op 28th Feb Late blitz 2023 (7)}) 11. cxd5 exd5 12. Bd3 {[%emt 0:00:02] Black has an edge.} Bg4 13. Bc2 Nd7 14. Qd3 g6 15. h5 Bxh5 $15 16. Rxh5 {[%emt 0:01:17][%mdl 64] Double Attack} c4 17. Qe2 gxh5 18. Kd2 Re8 19. Rh1 Nf6 {[%emt 0:00:01] ...Ne4+ is the strong threat.} (19... Re6 {feels hotter.} 20. Nh4 Qg5 21. Nf5 Nf6) 20. Ne5 {[%emt 0:00:12] [#]} Rxe5 $1 21. dxe5 Ne4+ 22. Bxe4 dxe4+ {[%emt 0:00:02][%mdl 4096] Endgame KQR-KQR} 23. Kc2 Rc8 24. Rxh5 Qd3+ $1 25. Qxd3 exd3+ $17 {[%emt 0:00:01] KR-KR} 26. Kc1 Rc6 27. Rh4 {[%emt 0:00:08] [#]} b5 $1 28. Rd4 (28. Kb2 $142) 28... Kf8 (28... Ra6 $17 29. Kb2 f6 30. exf6 Rxf6) 29. Rd5 {[%emt 0:02:50] [#]} (29. Rd6 $11 {remains equal.} Rxd6 30. exd6) 29... Rb6 ({Black should play} 29... Ra6 $1 $17 30. Kb2 Rg6) 30. Kd2 (30. Rd6 $11) 30... Ra6 31. Rxb5 Rxa3 {[%emt 0:00:01] White must now prevent ...a5.} 32. e4 $2 {[%emt 0:00:27][%mdl 8192] White does not recover from this.} (32. f4 $15) 32... Ra2+ $19 33. Ke3 $2 (33. Kd1 Rxf2 34. Rc5) 33... Re2+ 34. Kf3 Re1 {[%emt 0:00:00] aiming for ...d2.} 35. Rb2 a5 36. Kf4 a4 {[%emt 0:00:05] Hoping for ...Re2.} 37. Kf5 (37. Ra2 $142 a3 38. Kf3) 37... a3 38. Rb7 d2 39. Kf6 Ke8 (39... d1=B $2 40. Rb8#) 40. Rb8+ Kd7 41. Kxf7 d1=Q ({Not} 41... d1=B 42. e6+ Kc7 43. Ra8 $11) 42. e6+ Kc7 43. e7 Qh5+ {[%emt 0:00:01] Weighted Error Value: White=0.94/Black=0.27 (precise)} 0-1

[Event "AI Cup Div-3 2023"]
[Site "Online"]
[Date "2023.09.25"]
[Round "1.2"]
[White "Guseinov, Gadir"]
[Black "Martinez Alcantara, Jose Eduardo"]
[Result "0-1"]
[Annotator "ChessBase"]
[ECO "C44"]
[WhiteElo "2636"]
[BlackElo "2611"]
[PlyCount "134"]
[EventDate "2023.09.18"]
[EventType "k.o."]
[EventCountry "NET"]
[SourceTitle "playchess.com"]
[Source "ChessBase"]
[SourceQuality "1"]
[TimeControl "900+3"]

1. e4 e5 2. Nf3 Nc6 3. d4 exd4 4. Bc4 Bb4+ 5. c3 dxc3 6. O-O c2 7. Qxc2 d6 8. a3 Ba5 9. b4 Bb6 10. Qb3 Qf6 11. Bb2 Ne5 12. Nxe5 dxe5 13. Qg3 Qg6 14. Qxe5+ Ne7 15. Qxg7 Qxg7 16. Bxg7 Rg8 17. Be5 Ng6 18. Bg3 h5 19. h4 Bd4 20. Ra2 Ne5 21. Bxe5 Bxe5 22. g3 Bg4 23. Be2 O-O-O 24. Bxg4+ Rxg4 25. Re2 Rd3 26. Kg2 b6 27. Rfe1 Bxg3 28. fxg3 Rdxg3+ 29. Kf2 Rh3 30. Rf1 Rf4+ 31. Ke1 Rxf1+ 32. Kxf1 Rh1+ 33. Kg2 Rxb1 34. Rf2 Re1 35. Rf4 Re3 36. a4 Kd8 37. Kf2 Rb3 38. Rxf7 Rxb4 39. Ke3 Rxa4 40. Rh7 Ra1 41. Rxh5 a5 42. Rh8+ Kd7 43. h5 a4 44. h6 a3 45. Ra8 Rh1 46. Kf4 Rxh6 47. Rxa3 c5 48. Kf5 c4 49. e5 Rh1 50. Ra7+ Kc6 51. e6 Re1 52. Kf6 b5 53. e7 b4 54. Ra1 Re2 55. Ra2 Re3 56. Ra8 b3 57. e8=Q+ Rxe8 58. Rxe8 b2 59. Rb8 c3 60. Ke5 c2 61. Rc8+ Kd7 62. Rxc2 b1=Q 63. Rc4 Qb5+ 64. Kd4 Kd6 65. Rc3 Qb4+ 66. Rc4 Qd2+ 67. Ke4 Qd5+ 0-1

[Event "AI Cup Div-3 2023"]
[Site "Online"]
[Date "2023.09.25"]
[Round "1.2"]
[White "Sargsyan, Shant"]
[Black "Durarbayli, Vasif"]
[Result "1/2-1/2"]
[Annotator "ChessBase"]
[ECO "D13"]
[WhiteElo "2631"]
[BlackElo "2625"]
[PlyCount "82"]
[EventDate "2023.09.18"]
[EventType "k.o."]
[EventCountry "NET"]
[SourceTitle "playchess.com"]
[Source "ChessBase"]
[SourceQuality "1"]
[TimeControl "900+3"]

1. d4 d5 2. Nf3 Nf6 3. c4 c6 4. Nc3 e6 5. Bg5 Be7 6. cxd5 cxd5 7. e3 O-O 8. Bd3 Nc6 9. O-O h6 10. Bh4 Bd7 11. Rc1 Rc8 12. Ne5 Ne8 13. Bxe7 Qxe7 14. f4 Nd6 15. Qg4 f5 16. Qe2 Nxe5 17. fxe5 Ne4 18. Bxe4 dxe4 19. g4 Qg5 20. Rf4 h5 21. h4 Qxh4 22. gxh5 Qg3+ 23. Kh1 Qh3+ 24. Qh2 Qxh2+ 25. Kxh2 Be8 26. Rh4 Kh7 27. Kg3 Kh6 28. Rch1 b5 29. R4h2 Bd7 30. Kf4 b4 31. Nb1 a5 32. Nd2 a4 33. b3 Rc2 34. Nc4 axb3 35. axb3 Rxh2 36. Rxh2 Be8 37. d5 Bxh5 38. Rg2 Bg4 39. Rh2+ Bh5 40. Rg2 Bg4 41. Rh2+ Bh5 1/2-1/2

[Event "AI Cup Div-3 2023"]
[Site "Online"]
[Date "2023.09.25"]
[Round "1.2"]
[White "Chigaev, Maksim"]
[Black "Esipenko, Andrey"]
[Result "0-1"]
[Annotator "TA"]
[ECO "C43"]
[WhiteElo "2615"]
[BlackElo "2683"]
[PlyCount "68"]
[EventDate "2023.09.18"]
[EventType "k.o."]
[EventCountry "NET"]
[SourceTitle "playchess.com"]
[Source "ChessBase"]
[SourceQuality "1"]
[TimeControl "900+3"]

1. e4 e5 2. Nf3 Nf6 3. d4 Nxe4 4. dxe5 d5 5. Nbd2 Nxd2 6. Bxd2 {[%emt 0:00:03] C43: Petroff Defence: 3 d4.} Be7 7. Bd3 c5 8. c3 {[%emt 0:00:02] The position is equal.} Nc6 9. O-O Be6 10. Re1 {[%emt 0:00:04] [#]} g5 $5 $146 {[%emt 0:00:21][%mdl 8] New and interesting.} ({Predecessor:} 10... O-O 11. h3 a6 12. Bf4 b5 13. Bc2 Rc8 14. Qd3 g6 15. Qd2 b4 16. Bg5 Bxg5 17. Nxg5 Kg7 {½-½ Safarli,E (2600)-Jobava,B (2600) Montebelluna Grandiscacchi op 2022 (3)}) 11. Be3 a6 (11... g4 $5 12. Nd2 $8 h5 $11) 12. b4 g4 13. Nd2 cxb4 (13... Nxe5 14. Bc2 $14) 14. cxb4 Bxb4 15. Rb1 Qe7 (15... Nxe5 $2 16. Qa4+ b5 17. Qxb4 (17. Bxb5+ axb5 18. Qxb4 f6 $16) 17... Nxd3 18. Qd4 Nxe1 19. Qxh8+ Kd7 20. Qxh7 (20. Qxd8+ Kxd8 21. Rxe1 Rc8 $18) 20... Nxg2 21. Kxg2 $18) 16. Qa4 ({White should play} 16. Bh6 $1 $14) 16... O-O $11 17. a3 $1 Bc3 $36 {[%emt 0:00:36][%cal Bb4c3,Bc3e5,Be5d4,Bd4b6][%mdl 2080] Black fights for an advantage.} 18. Bxh7+ {[%emt 0:00:51][%mdl 64] [#] Decoy} Kg7 {[%emt 0:00:02] Strongly threatening ...d4.} ({Much less strong is} 18... Kxh7 19. Qc2+ Kg8 20. Qxc3 $14) 19. Qf4 Qh4 $1 $15 {[%emt 0:00:13] Really sharp!} ({Of course not} 19... Kxh7 20. Qh6+ Kg8 21. Rxb7 Qxb7 22. Qg5+ Kh8 23. Qh6+ Kg8 24. Qg5+ Kh8 25. Qh6+ Kg8 $11) 20. Bd3 {[%emt 0:02:01] Threatens to win with Nf3.} Bxe5 21. Qg5+ ({White should try} 21. Nf3 $1 $15 Bxf4 22. Nxh4 Bxe3 23. Rxe3) 21... Qxg5 $17 22. Bxg5 {[%emt 0:00:00] [#]} b5 23. f4 Bd4+ 24. Kh1 Bd7 25. f5 (25. Nb3 $17) 25... f6 $19 26. Bf4 Ne5 27. Bc2 (27. Rb3 {might work better.}) 27... Rac8 28. Nb3 Bb6 29. Rbc1 Rfe8 {[%emt 0:00:06] Black is clearly winning.} 30. Bb1 Nc4 31. h3 gxh3 32. gxh3 Nxa3 33. Bd3 Nc4 34. Kh2 a5 {[%emt 0:00:08] Weighted Error Value: White=0.29 (precise) /Black=0.03 (flawless)} 0-1

[Event "AI Cup Div-3 2023"]
[Site "Online"]
[Date "2023.09.25"]
[Round "1.2"]
[White "Demchenko, Anton"]
[Black "Meier, Georg"]
[Result "0-1"]
[Annotator "ChessBase"]
[ECO "C00"]
[WhiteElo "2608"]
[BlackElo "2628"]
[PlyCount "124"]
[EventDate "2023.09.18"]
[EventType "k.o."]
[EventCountry "NET"]
[SourceTitle "playchess.com"]
[Source "ChessBase"]
[SourceQuality "1"]
[TimeControl "900+3"]

1. e4 e6 2. d3 d5 3. Nd2 Nf6 4. e5 Nfd7 5. f4 c5 6. Ndf3 b5 7. g3 Nc6 8. Bg2 Be7 9. Nh3 Nb6 10. O-O Qd7 11. Qe2 Bb7 12. Bd2 h6 13. c3 d4 14. Nf2 Rd8 15. cxd4 Nxd4 16. Nxd4 Bxg2 17. Kxg2 Qxd4 18. Be3 Qd5+ 19. Kg1 O-O 20. Rfd1 c4 21. dxc4 Qxc4 22. Kf1 Rxd1+ 23. Rxd1 Nd5 24. Bxa7 Qxa2 25. Bd4 Qa4 26. Ne4 Rc8 27. Nc3 Nxc3 28. bxc3 Qb3 29. Ra1 b4 30. cxb4 Bxb4 31. Bf2 Rc2 32. Qe4 Rxf2+ 33. Kxf2 Qb2+ 34. Kf3 Qxa1 35. Qxb4 Qh1+ 36. Ke3 Qxh2 37. Qb8+ Kh7 38. Qb1+ g6 39. Kf3 Kg7 40. Qd3 Qh3 41. Qd8 Qh5+ 42. Kf2 Qf5 43. Kf3 g5 44. Qe7 gxf4 45. gxf4 h5 46. Qh4 Kh7 47. Ke3 Qg4 48. Qf6 Qg3+ 49. Ke2 Qg6 50. Qe7 Qe4+ 51. Kd1 Qxf4 52. Qd6 h4 53. Ke2 Qg4+ 54. Kf2 h3 55. Qf8 Qg2+ 56. Ke3 Qg6 57. Qa8 h2 58. Qf3 Kg7 59. Ke2 Qg5 60. Qh3 Qxe5+ 61. Kd2 Qd5+ 62. Ke3 h1=Q 0-1

[Event "AI Cup Div-3 2023"]
[Site "Online"]
[Date "2023.09.25"]
[Round "1.2"]
[White "Paravyan, David"]
[Black "Radjabov, Teimour"]
[Result "1/2-1/2"]
[Annotator "TA"]
[ECO "C67"]
[WhiteElo "2599"]
[BlackElo "2745"]
[PlyCount "220"]
[EventDate "2023.09.18"]
[EventType "k.o."]
[EventCountry "NET"]
[SourceTitle "playchess.com"]
[Source "ChessBase"]
[SourceQuality "1"]
[TimeControl "900+3"]

1. e4 e5 2. Nf3 Nc6 3. Bb5 Nf6 4. O-O Nxe4 5. Re1 Nd6 6. Nxe5 Be7 7. Bf1 Nxe5 8. Rxe5 O-O 9. d4 Bf6 10. Re1 Re8 11. c3 Rxe1 12. Qxe1 Ne8 13. Bf4 d5 14. Nd2 g6 15. Qe2 c6 16. Re1 Ng7 17. h3 Bf5 18. g4 Be6 (18... Ne6 19. Bg3 Bc2 20. Nc4 $14) 19. Nb3 b6 20. Nc1 Bg5 21. Qe3 Bxf4 22. Qxf4 h5 (22... Rc8 $11) 23. Nd3 $16 hxg4 24. hxg4 f6 25. Qh6 Bxg4 26. Nf4 (26. Qxg6 Bf5 27. Qg3 Kf7 $14) 26... Bf5 (26... Qd7 $16 {was necessary.}) 27. Nxg6 $18 Bxg6 28. Qxg6 Qd7 29. Qxf6 (29. Bd3 $18 {And now Qh7+ would win.} Re8 30. Rxe8+ Qxe8 31. Qxf6) 29... Rf8 (29... Re8 $16 {might work better.} 30. Rxe8+ Nxe8) 30. Qg6 Rf4 31. Bg2 Rg4 32. Re8+ $1 Qxe8 33. Qxg4 Qe1+ 34. Bf1 Qd2 35. Qc8+ Kh7 36. Qh3+ ({Inferior is} 36. Qxc6 Qg5+ 37. Bg2 Qc1+ 38. Bf1 Qg5+ 39. Bg2 Qc1+ 40. Bf1 Qg5+ $11) 36... Kg8 37. Bd3 Qg5+ 38. Kh2 Nh5 39. Qc8+ Kg7 40. Qd7+ ({Not} 40. Qxc6 Qh4+ 41. Kg1 Qg4+ 42. Kh2 Qh4+ 43. Kg1 Qg4+ 44. Kh2 Qh4+ $11) 40... Kf8 41. Qf5+ ({Worse is} 41. Qxa7 Qh4+ 42. Kg1 Qg4+ 43. Kh2 Qh4+ 44. Kg1 Qg4+ 45. Kh2 Qh4+ $11) 41... Qxf5 42. Bxf5 Ke7 43. Kh3 Kf6 44. Kg4 Ng7 45. Bd7 c5 46. Kf4 cxd4 47. cxd4 Nh5+ 48. Kg4 Ng7 49. Kf3 Ke7 50. Bg4 Ne8 51. Kf4 Kf6 52. Bf3 Nc7 53. Ke3 Ke6 54. Bg4+ Kf6 55. Bh3 Nb5 56. Bg2 Ke6 57. f4 Nd6 58. Bh3+ Kf6 59. Kd3 a5 60. Bd7 Nc4 61. b3 Nd6 62. Bg4 Kg6 $2 (62... Nf5 $14) 63. Bf3 $2 (63. Be6 $18 {is the precise move to win.} Nb5 64. Bxd5) 63... Kf5 $16 64. Ke3 Ke6 65. Bg4+ Kf6 66. Bd7 Ke7 67. Bh3 Kf6 68. Bg4 Nb5 69. Bf3 Ke6 70. Kd3 Nd6 71. a3 Nb5 72. a4 Nd6 73. Kc3 Kf5 74. Bxd5 Kxf4 75. Kd3 Kf5 76. Ke3 Kf6 77. Bg2 Ke6 78. Bh3+ Kd5 79. Bg2+ Ke6 80. Bc6 Nf5+ 81. Ke4 Nd6+ 82. Kf4 Nc8 83. Bb5 Kd5 84. Ke3 Nd6 85. Bd3 Ke6 86. Bc4+ Kf5 87. Kf3 Ne8 88. Bd3+ Ke6 89. Ke3 Nd6 90. Bf1 Nf5+ 91. Kd3 Nd6 92. Bh3+ Kf6 93. Bd7 Ke7 94. Bc6 Ke6 95. Bb5 Kf6 96. Ke3 Ke6 97. Bc4+ Kf5 98. Bd5 Kf6 99. Be4 Ke6 100. Kf4 Kf6 (100... b5 $14) 101. Bg2 ({White should try} 101. Bd3 $16) 101... Ke6 102. Bf3 Kf6 (102... b5 $14) 103. Bg4 (103. Be2 $16) 103... b5 $1 $14 104. axb5 Nxb5 105. Ke4 (105. Ke3 $1 $14) 105... a4 $11 106. bxa4 Nc3+ 107. Kd3 Nxa4 108. Kc4 Ke7 109. d5 Nb6+ 110. Kb3 Nxd5 1/2-1/2